 Dungeon Crawl Stone Soup version 0.20-a0-792-g09bcfd3 (webtiles) character file.

61 Dfrag the Firebug (level 4, -2/36 HPs)
             Began as a Naga Fire Elementalist on Mar 1, 2017.
             Killed from afar by Sigmund (10 damage)
             ... with a puff of flame
             ... on level 2 of the Dungeon.
             The game lasted 00:03:04 (1572 turns).

Dfrag the Firebug (Naga Fire Elementalist)          Turns: 1572, Time: 00:03:04

Health: -2/36      AC:  2    Str: 10    XL:     4   Next: 7%
Magic:  0/7        EV: 10    Int: 17    God:
Gold:   111        SH:  0    Dex: 11    Spells: 4/8 levels left

rFire    . . .     SeeInvis +   (no weapon)
rCold    . . .     Gourm    .   a - +0 robe
rNeg     . . .     Faith    .   (no shield)
rPois    +         Spirit   .   (no helmet)
rElec    .         Reflect  .   (no cloak)
rCorr    .         Harm     .   (no gloves)
MR       .....                  (no barding)
Stlth    ++........             (no amulet)
Regen    0.2/turn               (no ring)
MPRegen  0.1/turn               (no ring)

@: flying, very slow
A: see invisible, deformed body, poison resistance, slowness 2, slow metabolism
1, spit poison 1, AC +1
a: Spit Poison


You were on level 2 of the Dungeon.
You were hungry.

You visited 1 branch of the dungeon, and saw 2 of its levels.

You collected 111 gold pieces.

Inventory:

Armour
 a - a +0 robe (worn)
Scrolls
 f - 4 scrolls of identify {unknown}
 i - a scroll of teleportation {unknown}
Books
 b - a book of Flames

   Spells                             Type                      Level
   a - Flame Tongue                   Conjuration/Fire             1
   b - Throw Flame                    Conjuration/Fire             2
   c - Conjure Flame                  Conjuration/Fire             3
   d - Inner Flame                    Hexes/Fire                   3
   e - Sticky Flame                   Conjuration/Fire             4
   f - Fireball                       Conjuration/Fire             5
Comestibles
 c - 2 bread rations
 g - a royal jelly
 h - 2 chunks of flesh


   Skills:
 - Level 1.5 Dodging
 - Level 3.0 Stealth
 + Level 2.6 Spellcasting
 + Level 2.2 Conjurations
 + Level 3.8 Fire Magic


You had 4 spell levels left.
You knew the following spells:

 Your Spells              Type           Power        Failure   Level  Hunger
a - Flame Tongue          Conj/Fire      ##...        6%          1    #......
b - Conjure Flame         Conj/Fire      ##......     17%         3    ###....


Dungeon Overview and Level Annotations

Branches:
Dungeon (2/15)

Altars:
Dithmenos

Annotations:
D:2 Sigmund


Innate Abilities, Weirdness & Mutations

You cannot wear boots.
Your serpentine skin is tough. (AC +1)
You have supernaturally acute eyesight. (SInv)
Armour fits poorly on your strangely shaped body.
Your system is resistant to poisons. (rPois)
You cover ground very slowly.
You have a slow metabolism.
You can spit poison.


Message History

* * * LOW HITPOINT WARNING * * *
Sigmund zaps a wand.
You resist with some effort. Sigmund gestures at you while chanting.
The puff of flame hits you!
* * * LOW HITPOINT WARNING * * *
You have got your breath back.
There is an open door here.
It was a potion of cancellation.
You feel magically purged.
Your magical contamination has completely faded away.
It was a potion of flight.
You feel very buoyant.
You fly up into the air.
Casting: Conjure Flame
Confirm with . or Enter, or press ? or * to list all spells.
Aiming: Conjure Flame
Press: ? - help, Dir - move target cursor, p - Sigmund The fire ignites!
Sigmund gestures at you while chanting. The puff of flame hits you!
You die...

# #...#########.#.###.###.# #
####.##### ##.........÷..# #
#........# #.....###.##### #
#<##.###.# ##...## #.# #
#.##.###.# ##.## #.######## #
#.##.....# #.# #........# #
#.######.# #.# ########.# #.# #.#
##'## #.# #.######.# ##@..## #.#
#........# ##.....## ####.##
#####.##.###.......## ##......
######...#.##........(####>..###.
...@..@....@§.........+....†.# #.
######.....##.........####...###.
##.#.####.......######......
###.# ##.....## #......... #.#
##...## #.###.#.#.


You could see Sigmund.

Vanquished Creatures
  2 adders (D:2)
  A leopard gecko (D:2)
  A giant cockroach (D:2)
  6 goblins
  A hobgoblin (D:2)
  6 jackals (D:2)
  A quokka (D:2)
  3 ball pythons
  5 bats
  3 frilled lizards (D:1)
  7 kobolds
  6 rats
42 creatures vanquished.

Notes
Turn   | Place    | Note
-------+----------+-------------------------------------------
     0 | D:1      | Dfrag the Naga Fire Elementalist began the quest for the Orb.
     0 | D:1      | Reached XP level 1. HP: 15/15 MP: 3/3
   422 | D:1      | Reached XP level 2. HP: 22/22 MP: 1/5
   922 | D:2      | Reached XP level 3. HP: 19/28 MP: 2/6
   987 | D:2      | Found a shadowy altar of Dithmenos.
  1006 | D:2      | Noticed Sigmund
  1101 | D:2      | Learned a level 3 spell: Conjure Flame
  1452 | D:2      | Reached XP level 4. HP: 36/36 MP: 4/7
  1572 | D:2      | Killed from afar by Sigmund

Vault maps used:
D:1:      dpeg_arrival_three_bigger_balls
D:2:      lemuel_doored_altar, uniq_sigmund

Skill      XL: |  1  2  3 |
---------------+----------+-----
Conjurations   | 2 |  2.2
Dodging        | |  1.5
Stealth        | |  3.0
Spellcasting   | |  2.6
Fire Magic     | |  3.8

Action                   |  1- 3 |  4- 6 || total
-------------------------+-------+-------++-------
Melee: Unarmed           |     7 |     2 ||     9
 Cast: Flame Tongue      |    37 |     5 ||    42
       Conjure Flame     |       |     2 ||     2
 Abil: Spit Poison       |    23 |     1 ||    24
  Use: Potion            |       |     2 ||     2
  Eat: Chunk             |     3 |       ||     3
Armor: Robe              |     5 |     1 ||     6
Dodge: Dodged            |    31 |     2 ||    33
